[Event "Early Titled Tuesday Blitz | February 8 2022"]
[White "Tarhan, Adar"]
[Black "Cramling Bellon, Anna"]
[WhiteFideId "34544712"]
[BlackFideId "32009232"]
[WhiteElo "1802"]
[BlackElo "1905"]
[Result "0-1"]
[Round "02"]
[TimeControl "180+1"]
[Date "2022.02.08"]
[WhiteClock "0:00:01"]
[BlackClock "0:00:02"]

1. e4 c5 2. Nf3 e6 3. d4 cxd4 4. Nxd4 Nc6 5. Nc3 Bb4 6. Nb5 d6 7. a3 Bxc3+ 8. Nxc3 Ke7 9. Bd3 Nf6 10. O-O Re8 11. Be3 Kf8 12. Be2 a6 13. Bf3 Ne5 14. Be2 b5 15. f4 Nc4 16. Bxc4 bxc4 17. Qd2 Bb7 18. Rad1 Nxe4 19. Nxe4 Bxe4 20. Qb4 Bd5 21. f5 Rb8 22. Qc3 Kg8 23. f6 Qc7 24. Bd4 Qc6 25. Qg3 g6 26. Qg5 Kh8 27. Qh6 Rg8 28. Rf4 g5 29. Rg4 Bxg2 30. Rxg2 Qf3 31. Rf1 Qe4 32. Bc3 d5 33. Re1 Qf5 34. Re5 Qf4 35. Rexg5 Qc1+ 36. Kf2 Qxc2+ 37. Kf1 Qd1+ 38. Be1 Qf3+ 39. Kg1 Qe3+ 40. Kh1 Qxe1+ 41. Rg1 Qe4+ 42. R1g2 Qe1+ 43. Rg1 Qe4+ 44. R5g2 Rxg2 45. Rxg2 Rg8 46. Qd2 Qb1+ 47. Rg1 Qxg1# 0-1


[Site "https://www.chess.com"]

[Event "Early Titled Tuesday Blitz | February 8 2022"]
[White "Tay, Junior"]
[Black "Chincholimath, Halsagar"]
[WhiteFideId "5800439"]
[BlackFideId "5022487"]
[WhiteElo "2216"]
[BlackElo "1737"]
[Result "1-0"]
[Round "02"]
[TimeControl "180+1"]
[Date "2022.02.08"]
[WhiteClock "0:02:19"]
[BlackClock "0:02:05"]

1. Nc3 e6 2. e4 d5 3. Nf3 Nf6 4. e5 Nfd7 5. d4 c5 6. Bg5 Be7 7. Bxe7 Qxe7 8. Nb5 O-O 9. Nc7 Nc6 10. Nxa8 cxd4 11. Bd3 Ndxe5 12. Nxe5 Nxe5 13. Bxh7+ Kxh7 14. Qh5+ Kg8 15. Qxe5 Qb4+ 16. c3 Qxb2 17. O-O Qxc3 18. Rfc1 Qa5 19. Qxd4 Bd7 20. Qc5 Qd2 21. Qxa7 Qb2 22. Nc7 Kh7 23. Rab1 Qxa2 24. Qxa2 1-0


[Site "https://www.chess.com"]

[Event "Early Titled Tuesday Blitz | February 8 2022"]
[White "Tregubov, Pavel V."]
[Black "Hoffmann, Asa"]
[WhiteFideId "4115341"]
[BlackFideId "2001470"]
[WhiteElo "2341"]
[BlackElo "2117"]
[Result "1-0"]
[Round "02"]
[TimeControl "180+1"]
[Date "2022.02.08"]
[WhiteClock "0:00:33"]
[BlackClock "0:00:27"]

1. e4 d6 2. d4 Nf6 3. Nc3 c6 4. Nf3 Bg4 5. Be2 e6 6. O-O d5 7. e5 Nfd7 8. Ng5 Bf5 9. Bh5 Bg6 10. Bxg6 hxg6 11. Qf3 Qe7 12. Ne2 c5 13. c4 cxd4 14. cxd5 exd5 15. Nxd4 Nxe5 16. Qxd5 Nbc6 17. Nxc6 bxc6 18. Qb3 Qb4 19. Bf4 Qxb3 20. axb3 f6 21. Bxe5 fxg5 22. Rfe1 Kf7 23. Rad1 Bb4 24. Bc3 Bxc3 25. Rd7+ Kf6 26. Rd6+ Kf5 27. bxc3 Rhe8 28. Red1 Re6 29. g4+ Kf6 30. Rd7 a5 31. Rb7 Re7 32. Rd6+ Kf7 33. Rxe7+ Kxe7 34. Rxc6 Kf7 35. Rc7+ Kf6 36. Rc6+ Kf7 37. Rc5 Rb8 38. Rxa5 Rxb3 39. Rc5 Rb2 40. Rxg5 Kf6 41. Rc5 g5 42. Kg2 Rc2 43. Kf3 g6 44. Ke3 Rc1 45. h3 Rh1 46. Rc6+ Kf7 47. c4 Rxh3+ 48. f3 Rh1 49. c5 Rc1 50. Kd4 Rf1 51. Rc7+ Kf6 52. c6 Rxf3 53. Rd7 Rf4+ 54. Kd5 Rf1 55. c7 Rd1+ 56. Kc6 Rc1+ 57. Kb7 Rb1+ 58. Kc8 Ke5 59. Kd8 Rc1 60. c8=Q Rxc8+ 61. Kxc8 Kf4 62. Rd4+ 1-0


[Site "https://www.chess.com"]

[Event "Early Titled Tuesday Blitz | February 8 2022"]
[White "Triapishko, Alexandr"]
[Black "Khumalo, Keith"]
[WhiteFideId "14122286"]
[BlackFideId "14319470"]
[WhiteElo "2479"]
[BlackElo "1992"]
[Result "1/2-1/2"]
[Round "02"]
[TimeControl "180+1"]
[Date "2022.02.08"]
[WhiteClock "0:00:21"]
[BlackClock "0:02:42"]

1. d4 d5 2. c4 dxc4 3. Nf3 Nf6 4. e3 e6 5. Bxc4 c5 6. O-O a6 7. Nc3 Nc6 8. dxc5 Qxd1 9. Rxd1 Bxc5 10. Be2 Bd7 11. Nd2 b5 12. Nb3 Bb4 13. a4 bxa4 14. Nxa4 a5 15. Nb6 Rb8 16. Nxd7 Nxd7 17. Bd2 Bxd2 18. Nxd2 Rxb2 19. Bf3 Nde5 20. Bxc6+ Nxc6 21. Nc4 Rc2 22. Nxa5 Nxa5 23. Rxa5 O-O 24. g3 g6 25. Rda1 Kg7 26. Kg2 h5 27. Ra8 Rxa8 28. Rxa8 Rb2 29. h4 1/2-1/2


[Site "https://www.chess.com"]

[Event "Early Titled Tuesday Blitz | February 8 2022"]
[White "Tsvetkov, Andrey"]
[Black "Bruned, Yvain"]
[WhiteFideId "34139360"]
[BlackFideId "2250292"]
[WhiteElo "2280"]
[BlackElo "2073"]
[Result "0-1"]
[Round "02"]
[TimeControl "180+1"]
[Date "2022.02.08"]
[WhiteClock "0:00:41"]
[BlackClock "0:00:31"]

1. f4 b6 2. e4 Bb7 3. Nc3 e6 4. d4 Bb4 5. Bd3 f5 6. Qe2 Bxc3+ 7. bxc3 fxe4 8. Bxe4 Bxe4 9. Qxe4 Nc6 10. Nf3 Nf6 11. Qe2 O-O 12. c4 Qe8 13. O-O Qg6 14. Ba3 Rfe8 15. Rad1 Qe4 16. Qd2 d5 17. Rfe1 Qf5 18. cxd5 exd5 19. Qc3 Qd7 20. Ne5 Nxe5 21. dxe5 Ng4 22. Qf3 Rad8 23. Kh1 c5 24. e6 Rxe6 25. Rxe6 Qxe6 26. f5 Qe4 27. Qg3 Qxf5 28. Re1 Rf8 29. h3 Nf2+ 30. Kh2 Ne4 31. Qc7 Qf4+ 32. Qxf4 Rxf4 33. c4 Nf6 34. cxd5 Nxd5 35. Re8+ Rf8 36. Re5 Rd8 37. Bb2 Kf7 38. Rf5+ Nf6 39. Rf2 h6 40. g4 Kg6 41. Kg3 Rd3+ 42. Kg2 c4 43. Rc2 b5 44. a4 a6 45. axb5 axb5 46. Be5 Ne4 47. Bf4 c3 48. Kf1 b4 49. Ke1 b3 50. Ke2 Rd5 51. Rc1 c2 52. Ke3 Nf6 53. g5 hxg5 54. Rg1 b2 55. Kf3 b1=Q 56. Bc1 Rd1 57. Kg2 Rxg1+ 58. Kh2 Qxc1 59. h4 Qf4+ 60. Kh3 Qxh4# 0-1


[Site "https://www.chess.com"]

[Event "Early Titled Tuesday Blitz | February 8 2022"]
[White "Tuleyeva-Aketayeva, Dana"]
[Black "Heinemann, Josefine"]
[WhiteFideId "13701932"]
[BlackFideId "12900460"]
[WhiteElo "1944"]
[BlackElo "2300"]
[Result "0-1"]
[Round "02"]
[TimeControl "180+1"]
[Date "2022.02.08"]
[WhiteClock "0:00:02"]
[BlackClock "0:00:04"]

1. d4 Nf6 2. Nf3 g6 3. g3 Bg7 4. Bg2 O-O 5. O-O d5 6. c4 dxc4 7. Ne5 Ng4 8. Nxg4 Bxg4 9. Bxb7 c6 10. Bxa8 Qb6 11. Na3 Nd7 12. Nxc4 Qa6 13. b3 Rxa8 14. f3 Bh3 15. Re1 Rd8 16. Qd3 Nc5 17. Qb1 Bxd4+ 18. Be3 Bxa1 19. Qxa1 Ne6 20. Rd1 Rxd1+ 21. Qxd1 Qxa2 22. Ne5 Qa6 23. g4 h5 24. Kf2 hxg4 25. fxg4 Qb5 26. Nc4 Bxg4 27. Qd7 Qf5+ 28. Ke1 Qb1+ 29. Kf2 Qf5+ 30. Ke1 Qf6 31. Qe8+ Kg7 32. Bc1 Qh4+ 33. Kd1 Qxh2 34. Bb2+ f6 35. Qxc6 Qg1+ 36. Kc2 Bxe2 37. Qxe6 Qd1+ 38. Kc3 Qd3+ 39. Kb4 Bg4 40. Qxe7+ Kh6 41. Qxf6 Qf5 42. Qxf5 Bxf5 43. Be5 g5 44. Bg3 g4 45. Ne5 Be6 46. Bf2 Kg5 47. Bxa7 Kf5 48. Nd3 g3 49. Nc5 Bd5 50. Nd3 g2 51. Bg1 Ke4 52. Be3 Kxe3 53. Nc5 Bxb3 54. Nxb3 g1=Q 0-1


[Site "https://www.chess.com"]

[Event "Early Titled Tuesday Blitz | February 8 2022"]
[White "Tymrakiewicz, Rafal"]
[Black "Bashirli, Saadat"]
[WhiteFideId "1108832"]
[BlackFideId "13429990"]
[WhiteElo "2205"]
[BlackElo "1173"]
[Result "1-0"]
[Round "02"]
[TimeControl "180+1"]
[Date "2022.02.08"]
[WhiteClock "0:01:16"]
[BlackClock "0:00:28"]

1. e4 c5 2. c3 Nf6 3. e5 Nd5 4. Nf3 g6 5. Bc4 Nb6 6. Bb3 c4 7. Bc2 Bg7 8. h4 h5 9. d4 cxd3 10. Qxd3 Nc6 11. Bf4 a6 12. Nbd2 Qc7 13. Qe2 Nd5 14. Bg3 e6 15. Nc4 O-O 16. O-O Nce7 17. Nd6 Nf5 18. Nxf5 exf5 19. Rad1 Ne7 20. e6 f4 21. exd7 Bxd7 22. Qxe7 fxg3 23. Rxd7 gxf2+ 24. Rxf2 Qf4 25. Bb3 Rae8 26. Bxf7+ Qxf7 27. Qxf7+ Rxf7 28. Rxf7 Kxf7 29. Ne5+ Kg8 30. Nxg6 Re1+ 31. Kh2 Re6 32. Nf4 Be5 33. g3 Rh6 34. Nd3 Bc7 35. Kh3 Rg6 36. Nf4 Rh6 37. Nd5 Bd6 38. Rf6 Rxf6 39. Nxf6+ Kg7 40. Nxh5+ Kg6 41. g4 Be7 42. Nf4+ Kf6 43. Nd5+ Kf7 44. Nxe7 Kxe7 45. g5 Kd7 46. Kg4 Kd6 47. g6 Kd5 48. g7 Ke4 49. g8=Q Kd3 50. Qb3 Kd2 51. h5 Ke2 52. h6 Kf2 53. Qe6 Kg2 54. h7 Kh2 55. h8=Q+ Kg2 56. Qd4 Kh2 57. Qf2+ Kh1 58. Qee1# 1-0


[Site "https://www.chess.com"]

[Event "Early Titled Tuesday Blitz | February 8 2022"]
[White "Urbina Perez, Juan Antonio"]
[Black "Schut, Han"]
[WhiteFideId "2217368"]
[BlackFideId "1005561"]
[WhiteElo "2192"]
[BlackElo "2057"]
[Result "0-1"]
[Round "02"]
[TimeControl "180+1"]
[Date "2022.02.08"]
[WhiteClock "0:00:55"]
[BlackClock "0:00:08"]

1. e4 c5 2. Nf3 d6 3. d4 cxd4 4. Nxd4 Nf6 5. Nc3 g6 6. Be3 Bg7 7. f3 O-O 8. Qd2 Nc6 9. h4 d5 10. Nxc6 bxc6 11. O-O-O Rb8 12. h5 Qa5 13. hxg6 fxg6 14. Bd4 c5 15. Bxf6 Bxf6 16. Qxd5+ Kh8 17. e5 Bg5+ 18. Rd2 Qb4 19. Nd1 Be6 20. Qd3 Rfd8 21. Qc3 Bxd2+ 0-1


[Site "https://www.chess.com"]

[Event "Early Titled Tuesday Blitz | February 8 2022"]
[White "Vakhlamov, Igor L."]
[Black "Di Nicolantonio, Lucas"]
[WhiteFideId "24126748"]
[BlackFideId "680460"]
[WhiteElo "2401"]
[BlackElo "2381"]
[Result "1-0"]
[Round "02"]
[TimeControl "180+1"]
[Date "2022.02.08"]
[WhiteClock "0:00:34"]
[BlackClock "0:00:01"]

1. e4 c5 2. Nf3 Nc6 3. Nc3 e6 4. Bb5 Na5 5. O-O a6 6. Be2 b5 7. d4 cxd4 8. Nxd4 Bb7 9. Bf3 Ne7 10. Re1 Ng6 11. e5 Be7 12. Bxb7 Nxb7 13. Nf3 O-O 14. Ne4 Qc7 15. Ng3 Rac8 16. c3 Rfd8 17. Qd4 d6 18. exd6 Nxd6 19. Qg4 Nc4 20. Qh5 Rd5 21. Qh3 Rcd8 22. b3 Nce5 23. Nxe5 Rxe5 24. Be3 Qxc3 25. Qg4 Red5 26. Qf3 Ne5 27. Qe4 Nd3 28. Rf1 h6 29. h3 Qe5 30. Qf3 Rc8 31. Rad1 Bc5 32. Kh1 Bxe3 33. fxe3 Rf8 34. e4 Rd4 35. Rxd3 Rxd3 36. Qxd3 Rc8 37. Ne2 f6 38. Nf4 Kh7 39. Qd7 Rc2 40. Qxe6 Qb2 41. Qf5+ Kh8 1-0


[Site "https://www.chess.com"]

[Event "Early Titled Tuesday Blitz | February 8 2022"]
[White "Van Foreest, Jorden"]
[Black "Thomas, Anysia"]
[WhiteFideId "1039784"]
[BlackFideId "670472"]
[WhiteElo "2609"]
[BlackElo "2002"]
[Result "1-0"]
[Round "02"]
[TimeControl "180+1"]
[Date "2022.02.08"]
[WhiteClock "0:01:51"]
[BlackClock "0:00:20"]

1. e4 c5 2. Nc3 Nc6 3. Bb5 Nd4 4. Nf3 g6 5. Bc4 Bg7 6. h4 h5 7. Ng5 Nh6 8. d3 a6 9. a4 d6 10. Bf4 O-O 11. O-O b6 12. Nb1 Rb8 13. c3 Nc6 14. Nd2 b5 15. axb5 axb5 16. Bb3 Bg4 17. Qe1 Ne5 18. f3 Nxd3 19. Qe3 Nxf4 20. fxg4 Nxg2 21. Kxg2 Nxg4 22. Qg3 c4 23. Bd1 Qb6 24. Bxg4 hxg4 25. Qxg4 Qe3 26. Ndf3 b4 27. Rae1 Qd3 28. h5 bxc3 29. hxg6 Rxb2+ 30. Kh3 fxg6 31. Qe6+ Kh8 32. Qxg6 1-0


[Site "https://www.chess.com"]

[Event "Early Titled Tuesday Blitz | February 8 2022"]
[White "Varney, Zoe"]
[Black "Farmani Anosheh, Armin"]
[WhiteFideId "436135"]
[BlackFideId "24613240"]
[WhiteElo "1808"]
[BlackElo "2289"]
[Result "0-1"]
[Round "02"]
[TimeControl "180+1"]
[Date "2022.02.08"]
[WhiteClock "0:00:09"]
[BlackClock "0:01:37"]

1. e4 c5 2. Nf3 d6 3. d4 cxd4 4. Nxd4 Nf6 5. Nc3 Nc6 6. Be3 Ng4 7. Nxc6 Nxe3 8. Nxd8 Nxd1 9. Nxf7 Nxc3 10. Nxh8 Nxe4 11. Bc4 e6 12. O-O g6 13. Rfe1 d5 14. Bb5+ Ke7 15. f3 Nd6 16. Bd3 Kf6 17. Rad1 Bg7 18. Nxg6 hxg6 19. b3 b6 20. c4 Bb7 21. cxd5 Bxd5 22. Be4 Nxe4 23. fxe4 Bc6 24. Rd6 Be8 25. e5+ Ke7 26. Rc1 Bxe5 27. Rd2 Bf4 0-1


[Site "https://www.chess.com"]

[Event "Early Titled Tuesday Blitz | February 8 2022"]
[White "Viani Antonio Dcunha"]
[Black "Praggnanandhaa R"]
[WhiteFideId "5027330"]
[BlackFideId "25059530"]
[WhiteElo "2366"]
[BlackElo "2599"]
[Result "1/2-1/2"]
[Round "02"]
[TimeControl "180+1"]
[Date "2022.02.08"]
[WhiteClock "0:00:20"]
[BlackClock "0:00:07"]

1. e4 c5 2. Nf3 e6 3. d4 cxd4 4. Nxd4 a6 5. c4 Nf6 6. Nc3 Qc7 7. Be2 b6 8. O-O Bb7 9. Qd3 Bb4 10. f3 Nc6 11. Be3 O-O 12. a3 Bc5 13. b4 Bxd4 14. Bxd4 Nxd4 15. Qxd4 Rad8 16. Rac1 Bc6 17. Rfd1 Qb8 18. b5 axb5 19. cxb5 Ba8 20. Na4 d5 21. Qxb6 dxe4 22. Rxd8 Rxd8 23. Qxb8 Rxb8 24. Nc5 exf3 25. gxf3 Rc8 26. a4 Nd7 27. Nb3 Rxc1+ 28. Nxc1 Kf8 29. Kf2 Kg8 30. Ke3 Kf8 31. a5 Ke7 32. Nb3 Kd6 33. Bd3 f5 34. f4 Bd5 35. Nd4 Kc5 36. h4 g6 37. b6 e5 38. fxe5 Nxe5 39. Nxf5 Nxd3 40. Ne7 Nb4 41. Kf4 Ba2 42. Kg5 Bb1 43. Ng8 Kb5 44. b7 Nc6 45. Nf6 h5 46. Ng8 Kxa5 47. Ne7 Nb8 48. Nxg6 Kb6 49. Kxh5 Kxb7 50. Kg5 Kc6 51. h5 Nd7 52. h6 Bxg6 53. Kxg6 Nf8+ 54. Kg7 Ne6+ 55. Kf6 Nf8 56. Kf7 Nh7 57. Kg7 Ng5 58. Kf6 Nh7+ 59. Kg6 Nf8+ 60. Kg7 Ne6+ 61. Kg8 Ng5 62. h7 Nxh7 1/2-1/2


[Site "https://www.chess.com"]

[Event "Early Titled Tuesday Blitz | February 8 2022"]
[White "Vignesh, N R"]
[Black "Pavlidou, Ekaterini"]
[WhiteFideId "25012215"]
[BlackFideId "4213262"]
[WhiteElo "2395"]
[BlackElo "2127"]
[Result "1-0"]
[Round "02"]
[TimeControl "180+1"]
[Date "2022.02.08"]
[WhiteClock "0:01:04"]
[BlackClock "0:00:18"]

1. e4 c5 2. Nf3 Nc6 3. Nc3 e5 4. Bc4 d6 5. d3 Be7 6. O-O f5 7. exf5 Bxf5 8. Nd5 Nf6 9. c3 Qd7 10. Nh4 Be6 11. Nc7+ Qxc7 12. Bxe6 Nd8 13. Bb3 d5 14. Qf3 Qd7 15. Nf5 Rg8 16. Bg5 Ne6 17. Bxf6 gxf6 18. Qxd5 Qxd5 19. Bxd5 Kd7 20. d4 Rg5 21. Nxe7 Nf4 22. Bxb7 Rb8 23. dxc5 Kxe7 24. c6 Rxg2+ 25. Kh1 Rgg8 26. Rad1 Rxb7 27. cxb7 Rb8 28. Rg1 Rxb7 29. Rg7+ 1-0


[Site "https://www.chess.com"]

[Event "Early Titled Tuesday Blitz | February 8 2022"]
[White "Volkov, Sergey"]
[Black "Kukula, Pawel"]
[WhiteFideId "4122763"]
[BlackFideId "1115081"]
[WhiteElo "2475"]
[BlackElo "2203"]
[Result "1-0"]
[Round "02"]
[TimeControl "180+1"]
[Date "2022.02.08"]
[WhiteClock "0:00:16"]
[BlackClock "0:00:25"]

1. d4 f5 2. Nc3 d5 3. Bg5 c6 4. e3 Qb6 5. a3 e6 6. Nf3 Bd6 7. Bd3 Nd7 8. O-O Ngf6 9. Bf4 Qc7 10. g3 O-O 11. Ne2 Ne4 12. c4 Ndf6 13. Rc1 Qe7 14. b4 Ng4 15. c5 Bxf4 16. exf4 Bd7 17. h3 Ngf6 18. Ne5 Be8 19. f3 Bh5 20. fxe4 fxe4 21. Bb1 Nd7 22. Nxd7 Qxd7 23. g4 Bg6 24. Ng3 h6 25. Qd2 Rf7 26. Kg2 Raf8 27. Rf2 Qc7 28. Rcf1 b6 29. Ne2 bxc5 30. dxc5 e5 31. f5 Bh7 32. Ng3 Kh8 33. Qe3 Bg8 34. h4 Qd8 35. g5 d4 36. Qxe4 Rxf5 37. Rxf5 Rxf5 38. Qxf5 d3 39. Qxd3 Bd5+ 40. Kg1 e4 41. Nxe4 Qe7 42. Ng3 Bg8 43. gxh6 Qxh4 44. hxg7+ Kxg7 45. Nf5+ 1-0


[Site "https://www.chess.com"]

[Event "Early Titled Tuesday Blitz | February 8 2022"]
[White "Wagner, Dennis"]
[Black "Lopez Gracia, Fernando"]
[WhiteFideId "24650684"]
[BlackFideId "2207184"]
[WhiteElo "2355"]
[BlackElo "2382"]
[Result "0-1"]
[Round "02"]
[TimeControl "180+1"]
[Date "2022.02.08"]
[WhiteClock "0:00:34"]
[BlackClock "0:00:54"]

1. d4 Nf6 2. c4 e6 3. Nc3 Bb4 4. a3 Bxc3+ 5. bxc3 c5 6. f3 d6 7. e4 Nc6 8. Ne2 e5 9. Be3 b6 10. d5 Na5 11. Ng3 Ba6 12. Nf5 O-O 13. Bg5 h6 14. Bh4 Kh7 15. g4 Bxc4 16. Bxc4 Nxc4 17. Qe2 b5 18. g5 Nh5 19. g6+ fxg6 20. Bxd8 gxf5 21. Bh4 Nf4 22. Qa2 fxe4 23. O-O e3 24. Rfe1 g5 25. Bg3 Nd3 26. Qc2 e4 27. fxe4 Nxe1 28. e5+ Nxc2 0-1


[Site "https://www.chess.com"]

[Event "Early Titled Tuesday Blitz | February 8 2022"]
[White "Wahedi, Ahmad Siar"]
[Black "Kozlov, Gennady"]
[WhiteFideId "4651260"]
[BlackFideId "4191668"]
[WhiteElo "2353"]
[BlackElo "2392"]
[Result "1-0"]
[Round "02"]
[TimeControl "180+1"]
[Date "2022.02.08"]
[WhiteClock "0:00:21"]
[BlackClock "0:01:43"]

1. c4 e5 2. Nc3 Nf6 3. g3 g6 4. Bg2 Bg7 5. e4 O-O 6. Nge2 Nc6 7. O-O d6 8. h3 Nd4 9. Nxd4 exd4 10. Ne2 c5 11. d3 Nd7 12. b4 b6 13. b5 Bb7 14. a4 f5 15. f3 Qe7 16. a5 Rae8 17. axb6 axb6 18. Ra7 Bc8 19. Nf4 Qe5 20. Kh2 fxe4 21. fxe4 Bh6 22. Nxg6 hxg6 23. Bxh6 Rxf1 24. Qxf1 Qh8 25. Bf4 Qf6 26. h4 Rf8 27. Bh3 Ne5 28. Bxe5 Qxe5 29. Qe2 Bxh3 30. Kxh3 Qf6 31. Kg2 Rf7 32. Rxf7 Qxf7 33. Qg4 Kg7 34. h5 Qa7 35. Qxg6+ Kf8 36. Qxd6+ Kf7 37. Qg6+ Kf8 38. h6 Qa2+ 39. Kh3 Qb1 40. Qg7+ Ke8 41. h7 Qh1+ 42. Kg4 Qd1+ 43. Kf4 Qd2+ 44. Ke5 Qf4+ 45. gxf4 1-0


[Site "https://www.chess.com"]

[Event "Early Titled Tuesday Blitz | February 8 2022"]
[White "Weishaeutel, Moritz"]
[Black "Lagunov, Evgenij"]
[WhiteFideId "12967300"]
[BlackFideId "4125363"]
[WhiteElo "2002"]
[BlackElo "2200"]
[Result "1-0"]
[Round "02"]
[TimeControl "180+1"]
[Date "2022.02.08"]
[WhiteClock "0:00:07"]
[BlackClock "0:00:03"]

1. e4 c5 2. b4 cxb4 3. a3 e5 4. Nf3 Nc6 5. Bb2 d6 6. axb4 Nxb4 7. d4 exd4 8. Bb5+ Nc6 9. Nxd4 Bd7 10. O-O Nf6 11. Nf5 Bxf5 12. exf5 Be7 13. Re1 O-O 14. Qe2 Re8 15. Nd2 a6 16. Bc4 d5 17. Bb3 Bc5 18. Qf3 Rxe1+ 19. Rxe1 d4 20. Ne4 Nxe4 21. Rxe4 Qd6 22. g3 h6 23. Qh5 Qf6 24. Rg4 Ne5 25. Re4 Rd8 26. Kg2 Nc6 27. Rg4 Ne5 28. Re4 Qc6 29. f3 Qf6 30. c3 Nd3 31. cxd4 Nxb2 32. dxc5 Rd2+ 33. Kh3 Rd8 34. Qg6 Nd3 35. Qxf6 gxf6 36. Re7 Rf8 37. Rc7 a5 38. Bc4 Ne5 39. Bd5 Rd8 40. Bxb7 1-0


[Site "https://www.chess.com"]

[Event "Early Titled Tuesday Blitz | February 8 2022"]
[White "Winkels, Marcel"]
[Black "Aaditya Dhingra"]
[WhiteFideId "1003887"]
[BlackFideId "25678191"]
[WhiteElo "1900"]
[BlackElo "1789"]
[Result "0-1"]
[Round "02"]
[TimeControl "180+1"]
[Date "2022.02.08"]
[WhiteClock "0:00:02"]
[BlackClock "0:00:24"]

1. e4 c6 2. d4 d5 3. e5 c5 4. dxc5 Nc6 5. Nf3 e6 6. a3 Bxc5 7. b4 Bb6 8. Bd3 Nge7 9. Bb2 Ng6 10. Qd2 Bc7 11. Bxg6 hxg6 12. O-O g5 13. Qxg5 Qxg5 14. Nxg5 Nxe5 15. f4 Ng4 16. h3 Bb6+ 17. Kh1 f6 18. Nf3 Ne3 19. Rc1 e5 20. fxe5 Bxh3 21. gxh3 Rxh3+ 22. Nh2 O-O-O 23. Nd2 Rdh8 24. exf6 Rxh2+ 25. Kg1 Rxd2 0-1


[Site "https://www.chess.com"]

[Event "Early Titled Tuesday Blitz | February 8 2022"]
[White "Xie, Bryan"]
[Black "Krsnik Cohar, Ivan Vihor"]
[WhiteFideId "30941296"]
[BlackFideId "14520044"]
[WhiteElo "1899"]
[BlackElo "2414"]
[Result "0-1"]
[Round "02"]
[TimeControl "180+1"]
[Date "2022.02.08"]
[WhiteClock "0:00:13"]
[BlackClock "0:02:13"]

1. d4 d5 2. Nf3 Bf5 3. Bf4 c6 4. e3 e6 5. Nbd2 Bd6 6. Bg3 Nf6 7. c3 Bxg3 8. hxg3 Nbd7 9. Be2 h6 10. Nh4 Bh7 11. g4 Qb6 12. Qb3 O-O-O 13. Qxb6 axb6 14. a4 Kc7 15. a5 b5 16. b4 Ra8 17. O-O g5 18. Nhf3 Nxg4 19. Nxg5 hxg5 20. Bxg4 Bd3 21. Rfd1 f5 22. Bh3 g4 23. Nf3 Be2 24. Rd2 Bxf3 25. gxf3 Rxh3 0-1


[Site "https://www.chess.com"]

[Event "Early Titled Tuesday Blitz | February 8 2022"]
[White "Yeletsky, Ivan"]
[Black "Popadic, Dragan"]
[WhiteFideId "24180327"]
[BlackFideId "913650"]
[WhiteElo "2348"]
[BlackElo "2199"]
[Result "1-0"]
[Round "02"]
[TimeControl "180+1"]
[Date "2022.02.08"]
[WhiteClock "0:00:13"]
[BlackClock "0:00:47"]

1. g3 Nf6 2. Bg2 g6 3. e4 d6 4. f4 Bg7 5. Nc3 O-O 6. d3 c5 7. Nf3 Nc6 8. O-O Nd4 9. h3 Nxf3+ 10. Qxf3 Bd7 11. e5 Bc6 12. exf6 Bxf3 13. fxg7 Kxg7 14. Bxf3 Rb8 15. b3 b5 16. Bb2 Kg8 17. a4 a6 18. axb5 axb5 19. Nd5 c4 20. Ra7 Re8 21. Re1 cxd3 22. Rexe7 Rxe7 23. Nxe7+ Kf8 24. Nc6 Qb6+ 25. Bd4 dxc2 26. Ra1 Qc7 27. Rc1 Re8 28. Rxc2 Qd7 29. Kg2 Qf5 30. Rd2 Qb1 31. Bf2 Qxb3 32. Rxd6 Qc3 33. Ne5 b4 34. Rd7 Re7 35. Rd8+ Kg7 36. Nc6 Re3 37. Bxe3 Qxe3 38. Nxb4 Qb6 39. Nc6 Qb2+ 40. Kf1 Qc3 41. Kf2 Qc2+ 42. Ke3 Qh2 43. g4 Qxh3 44. Rd7 Qf1 45. Ne5 Qe1+ 46. Be2 Qg3+ 47. Ke4 Qg2+ 48. Bf3 Qc2+ 49. Ke3 Qc1+ 50. Kf2 Qxf4 51. Rxf7+ Qxf7 52. Nxf7 Kxf7 53. Kg3 Kf6 54. Kh4 h6 55. Bd1 Ke6 56. Bc2 Kf6 57. Bd3 Kf7 58. Kg3 Kf6 59. Kf4 g5+ 60. Kg3 Ke5 61. Bg6 Kf6 62. Bh5 Ke5 63. Kf3 Kd4 64. Kf2 Ke4 65. Ke2 Kf4 66. Kd3 Ke5 67. Ke3 Kd5 68. Kd3 Ke5 69. Kc4 Ke6 70. Kd4 Kd6 71. Ke4 Ke6 72. Kd4 Kd6 73. Kc4 Kc6 74. Bg6 Kd6 75. Kb5 Kd5 76. Bh5 Kd6 77. Kb6 Kd7 78. Kc5 Ke6 79. Kc6 Ke7 80. Kc7 Ke6 81. Kd8 Kf6 82. Ke8 Kg7 83. Ke7 Kg8 84. Kf6 Kh7 85. Kf7 Kh8 86. Kg6 Kg8 87. Kxh6 Kf8 88. Kxg5 Kg7 89. Kf5 1-0


[Site "https://www.chess.com"]

[Event "Early Titled Tuesday Blitz | February 8 2022"]
[White "Zanette, Edgard Vinicius"]
[Black "Ozer, Omer Faruk"]
[WhiteFideId "2109263"]
[BlackFideId "6354564"]
[WhiteElo "2182"]
[BlackElo "2050"]
[Result "0-1"]
[Round "02"]
[TimeControl "180+1"]
[Date "2022.02.08"]
[WhiteClock "0:01:12"]
[BlackClock "0:01:56"]

1. e4 e5 2. Nf3 Nc6 3. Bb5 a6 4. Ba4 Nf6 5. d3 b5 6. Bb3 Bc5 7. O-O O-O 8. c3 d6 9. Bg5 h6 10. Bxf6 Qxf6 11. Bd5 Bb7 12. a4 Rab8 13. axb5 axb5 14. Nbd2 Ne7 15. Bxb7 Rxb7 16. b4 Bb6 17. Qe2 Ng6 18. g3 Rbb8 19. Kh1 Qe6 20. Kg2 f5 21. d4 fxe4 22. Nxe4 Qg4 23. Qe3 Rxf3 0-1


[Site "https://www.chess.com"]

[Event "Early Titled Tuesday Blitz | February 8 2022"]
[White "parintele_chess"]
[Black "Pakleza, Zbigniew"]
[BlackFideId "1119290"]
[WhiteElo "2240"]
[BlackElo "2467"]
[Result "0-1"]
[Round "02"]
[TimeControl "180+1"]
[Date "2022.02.08"]
[WhiteClock "0:00:04"]
[BlackClock "0:00:25"]

1. d4 d6 2. e4 Nf6 3. Nc3 c6 4. Bg5 Qb6 5. a3 e5 6. dxe5 dxe5 7. Nf3 Nbd7 8. Bc4 Be7 9. O-O O-O 10. h3 h6 11. Be3 Qc7 12. Qe2 b5 13. Ba2 Re8 14. Rad1 a5 15. a4 b4 16. Nb1 Nc5 17. Nbd2 Nxa4 18. Nc4 Ba6 19. Bb3 Nc5 20. Bxc5 Bxc5 21. Rd3 a4 22. Ba2 Rab8 23. Ncxe5 b3 24. cxb3 axb3 25. Bxb3 Rxb3 26. Qc2 Rxd3 27. Nxd3 Bf8 28. Re1 Rxe4 29. Rxe4 Nxe4 30. Nde5 Ng5 31. Nxg5 hxg5 32. Qf5 Bc8 33. Qe4 c5 34. b3 Qe7 35. Qd5 Qe6 36. Qxe6 Bxe6 0-1


[Site "https://www.chess.com"]